 Dungeon Crawl Stone Soup version 0.29.1-12-g30fa7ad0bf (webtiles) character file.

Game seed: 771301669409547106

371 xzight the Shield-Bearer (level 6, -5/53 HPs)
             Began as a Gnoll Fighter on Dec 28, 2022.
             Slain by an ogre
             ... wielding a +0 giant club
              (18 damage)
             ... on level 5 of the Dungeon on Dec 29, 2022.
             The game lasted 00:05:40 (4460 turns).

xzight the Shield-Bearer (Gnoll Fighter)            Turns: 4460, Time: 00:05:41

Health: -5/53      AC:  7    Str: 15    XL:     6   Next: 71%
Magic:  9/9        EV:  9    Int:  9    God:
Gold:   216        SH:  5    Dex: 12    Spells: 9/9 levels left

rFire   . . .      SeeInvis .   a - +0 flail
rCold   . . .      Faith    .   c - +0 buckler
rNeg    . . .      Spirit   .   b - +0 scale mail
rPois   .          Reflect  .   (no helmet)
rElec   .          Harm     .   (no cloak)
rCorr   .          Rampage  .   (no gloves)
Will    .....                   (no boots)
Stlth   +.........              (no amulet)
HPRegen 0.17/turn               (no ring)
MPRegen 0.11/turn               (no ring)

@: no status effects
A: fangs 1, strong nose, distributed training
a: no special abilities


You were on level 5 of the Dungeon.
You visited 1 branch of the dungeon, and saw 5 of its levels.

You collected 216 gold pieces.


Innate Abilities, Weirdness & Mutations

You have very sharp teeth.
Your uncanny sense of smell can sniff out nearby items.
Your experience applies equally to all skills.


   Skills:
 + Level 6.9 Fighting
 + Level 2.1 Short Blades
 + Level 2.1 Long Blades
 + Level 2.1 Axes
 + Level 5.1 Maces & Flails
 + Level 2.1 Polearms
 + Level 2.1 Staves
 + Level 2.1 Ranged Weapons
 + Level 2.1 Throwing
 + Level 6.9 Armour
 + Level 2.1 Dodging
 + Level 2.1 Stealth
 + Level 6.9 Shields
 + Level 2.1 Unarmed Combat
 + Level 2.1 Spellcasting
 + Level 1.7 Conjurations
 + Level 1.7 Hexes
 + Level 1.7 Summonings
 + Level 1.7 Necromancy
 + Level 1.7 Translocations
 + Level 1.7 Transmutations
 + Level 1.7 Fire Magic
 + Level 1.7 Ice Magic
 + Level 1.7 Air Magic
 + Level 1.7 Earth Magic
 + Level 1.7 Poison Magic
 + Level 2.4 Invocations
 + Level 2.1 Evocations


You had 9 spell levels left.
You didn't know any spells.
Your spell library contained the following spells:

 Spells                   Type           Power      Damage    Failure   Level
 Ensorcelled Hibernation  Hex/Ice        8%         N/A       71%         2
 Passwall                 Tmut/Erth      3%         N/A       71%         2
 Ozocubu's Armour         Ice            4%         N/A       90%         3
 Swiftness                Air            4%         N/A       90%         3
 Hailstorm                Conj/Ice       4%         3d4       100%        4
 Ice Form                 Ice/Tmut       4%         N/A       100%        4
 Metabolic Englaciation   Hex/Ice        2%         N/A       100%        5
 Simulacrum               Ice/Necr       2%         N/A       100%        6

Inventory:

Hand Weapons
 a - a +0 flail (weapon)
Missiles
 m - 11 javelins (quivered)
Armour
 b - a +0 scale mail (worn)
 c - a +0 buckler (worn)
 g - a +0 pair of boots
 l - a +0 helmet
Scrolls
 j - 2 scrolls of teleportation {@r2}
 k - 2 scrolls of blinking {unknown}
 o - a scroll of enchant weapon {unknown}
 p - a scroll of torment {unknown}
 q - a scroll of immolation {unknown}
 s - a scroll of vulnerability {unknown}
 t - 2 scrolls of identify {unknown}
 v - a scroll of summoning {unknown}
 x - a scroll of fear {unknown}
 y - a scroll of amnesia {unknown}
 z - a scroll of poison {unknown}
Potions
 d - a potion of lignification {unknown}
 e - a potion of resistance {unknown}
 f - 5 potions of curing {unknown}
 h - a potion of brilliance {unknown}
 i - a potion of haste {unknown}
 n - a potion of cancellation {unknown}
 r - 3 potions of flight {unknown}
 u - 2 potions of ambrosia {unknown}
 w - 3 potions of degeneration {unknown}

Dungeon Overview and Level Annotations

Branches:
Dungeon (5/15)
 Temple: D:4-7

Altars:
Yredelemnul
The Shining One

Shops:
D:4 [

Annotations:
D:4 exclusion: door

### #.. #.# #.#
#.########.#####
...............#
..)....O@...#
.##.#.#####.##.####
#......<.......
..#####.##.#### #.#
# #.# #.# #.# ...


You could see an ogre.


Message History

a +0 leather armour of willpower; a +0 short sword You close the door, pushing everything out of the way.
There is an open door here.
Partly explored, can't reach some places.
Partly explored, can't reach some places.
Partly explored, can't reach some places.
Partly explored, can't reach some places.
Partly explored, can't reach some places.
Partly explored, can't reach some places.
Partly explored, can't reach some places.
(D) Dungeon
Where to? (Enter - D:3 @ (x,y), ? - help)
You open the door.
There is an open door here.
There is a stone staircase leading down here.
You climb downwards.
There is a stone staircase leading up here.
An ogre comes into view. It is wielding a +0 giant club.
The ogre shouts!
Found a dagger.
The ogre hits you with a +0 giant club!!
You hit the ogre.
The ogre is lightly wounded.
You completely miss the ogre. Your bite misses the ogre.
The ogre is lightly wounded.
The ogre hits you with a +0 giant club!!
* * * LOW HITPOINT WARNING * * *
The ogre attacks as you move away!
The ogre hits you with a +0 giant club!!
You die...

Skill      XL: |  1  2  3  4  5 |
---------------+----------------+-----
Invocations    | 1 2 |  2.4
Short Blades   | 1 2 |  2.1
Long Blades    | 1 2 |  2.1
Axes           | 1 2 |  2.1
Polearms       | 1 2 |  2.1
Staves         | 1 2 |  2.1
Ranged Weapons | 1 2 |  2.1
Throwing       | 1 2 |  2.1
Dodging        | 1 2 |  2.1
Stealth        | 1 2 |  2.1
Unarmed Combat | 1 2 |  2.1
Spellcasting   | 1 2 |  2.1
Evocations     | 1 2 |  2.1
Conjurations   | 1 |  1.7
Hexes          | 1 |  1.7
Summonings     | 1 |  1.7
Necromancy     | 1 |  1.7
Translocations | 1 |  1.7
Transmutations | 1 |  1.7
Fire Magic     | 1 |  1.7
Ice Magic      | 1 |  1.7
Air Magic      | 1 |  1.7
Earth Magic    | 1 |  1.7
Poison Magic   | 1 |  1.7
Maces & Flails | 5 |  5.1
Fighting       | |  6.9
Armour         | |  6.9
Shields        | |  6.9

Action                   |  1- 3 |  4- 6 || total
-------------------------+-------+-------++-------
Melee: Flail             |    85 |   230 ||   315
       Bite              |     4 |    19 ||    23
Throw: Javelin           |       |     4 ||     4
  Use: Scroll            |       |     1 ||     1
       Potion            |       |     1 ||     1
Armor: Scale mail        |    43 |    85 ||   128
Dodge: Dodged            |    28 |   105 ||   133
Block: Buckler           |    25 |    59 ||    84

Levels and vault maps discovered:
D:1:      nzn_arrival_settlement, layout_basic
D:2:      layout_basic, serial_bayou, serial_bayou_lake_a, serial_bayou_pond_b,
          serial_bayou_shore_b, serial_bayou_lagoon_a, minmay_vboxes, uniq_robin
D:3:      layout_basic, mainiacjoe_overflow_cross_hatched,
          hellmonk_ecumenical_altar_crossroads
D:4:      dreamdust_elfheim, layout_basic, mainiacjoe_overflow_tiny_flanked,
          serial_shops, shop
D:5:      layout_loops_ring, minmay_temple_entry_nine_rooms, uniq_edmund

Notes
Turn   | Place    | Note
-------+----------+-------------------------------------------
     0 | D:1      | xzight the Gnoll Fighter began the quest for the Orb.
     0 | D:1      | Reached XP level 1. HP: 23/23 MP: 1/1
   296 | D:1      | Reached XP level 2. HP: 29/29 MP: 2/2
   815 | D:1      | Reached XP level 3. HP: 35/35 MP: 3/3
   848 | D:1      | Reached skill level 1 in Invocations
  1190 | D:2      | Noticed Robin
  1192 | D:2      | Reached skill level 1 in Short Blades
  1192 | D:2      | Reached skill level 1 in Long Blades
  1192 | D:2      | Reached skill level 1 in Axes
  1192 | D:2      | Reached skill level 1 in Polearms
  1192 | D:2      | Reached skill level 1 in Staves
  1192 | D:2      | Reached skill level 1 in Ranged Weapons
  1192 | D:2      | Reached skill level 1 in Throwing
  1192 | D:2      | Reached skill level 1 in Dodging
  1192 | D:2      | Reached skill level 1 in Stealth
  1192 | D:2      | Reached skill level 1 in Unarmed Combat
  1192 | D:2      | Reached skill level 1 in Spellcasting
  1192 | D:2      | Reached skill level 1 in Evocations
  1197 | D:2      | Killed Robin
  1199 | D:2      | Reached XP level 4. HP: 37/41 MP: 5/5
  1379 | D:2      | Reached skill level 1 in Conjurations
  1379 | D:2      | Reached skill level 1 in Hexes
  1379 | D:2      | Reached skill level 1 in Summonings
  1379 | D:2      | Reached skill level 1 in Necromancy
  1379 | D:2      | Reached skill level 1 in Translocations
  1379 | D:2      | Reached skill level 1 in Transmutations
  1379 | D:2      | Reached skill level 1 in Fire Magic
  1379 | D:2      | Reached skill level 1 in Ice Magic
  1379 | D:2      | Reached skill level 1 in Air Magic
  1379 | D:2      | Reached skill level 1 in Earth Magic
  1379 | D:2      | Reached skill level 1 in Poison Magic
  2880 | D:3      | Reached XP level 5. HP: 47/47 MP: 7/7
  2894 | D:3      | Found a faded altar of an unknown god.
  3078 | D:3      | Found a basalt altar of Yredelemnul.
  3276 | D:4      | Noticed a black bear
  3276 | D:4      | Found a glowing golden altar of the Shining One.
  3574 | D:4      | Noticed Duvessa
  3574 | D:4      | Noticed Dowan
  3583 | D:4      | Killed Duvessa
  3584 | D:4      | Reached skill level 2 in Short Blades
  3584 | D:4      | Reached skill level 2 in Long Blades
  3584 | D:4      | Reached skill level 2 in Axes
  3584 | D:4      | Reached skill level 5 in Maces & Flails
  3584 | D:4      | Reached skill level 2 in Polearms
  3584 | D:4      | Reached skill level 2 in Staves
  3584 | D:4      | Reached skill level 2 in Ranged Weapons
  3584 | D:4      | Reached skill level 2 in Throwing
  3584 | D:4      | Reached skill level 2 in Dodging
  3584 | D:4      | Reached skill level 2 in Stealth
  3584 | D:4      | Reached skill level 2 in Unarmed Combat
  3584 | D:4      | Reached skill level 2 in Spellcasting
  3584 | D:4      | Reached skill level 2 in Invocations
  3584 | D:4      | Reached skill level 2 in Evocations
  3584 | D:4      | Reached XP level 6. HP: 25/53 MP: 7/9
  3587 | D:4      | Killed Dowan
  4058 | D:4      | Found Foikim's Armour Shop.
  4451 | D:5      | Entered Level 5 of the Dungeon
  4460 | D:5      | Slain by an ogre

Vanquished Creatures
  Duvessa (D:4)
  Dowan (D:4)
  An orc priest (D:4)
  An orc wizard (D:4)
  Robin (D:2)
  A gnoll (D:1)
  2 adders (D:4)
  An ufetubus (D:4)
  2 worms
  A dart slug (D:3)
  7 orcs
  10 ball pythons
  9 bats
  8 endoplasms
  4 giant cockroaches
  9 hobgoblins
  8 jackals (D:2)
  6 kobolds
  5 quokkas
  3 frilled lizards
  14 goblins
  6 rats
101 creatures vanquished.

Vanquished Creatures (others)
  52 plants (D:2)
52 creatures vanquished.

Grand Total: 153 creatures vanquished

Table legend: (Time is in decaauts)
 A = Elapsed time spent in this place.
 B = Non-inter-level travel time spent in this place.
 C = Inter-level travel time spent in this place.
 D = Time resting spent in this place.
 E = Time spent auto-exploring this place.
 F = Levels seen in this place.
 G = Mean time per level.
                   A        B        C        D        E       F      G
               +--------+--------+--------+--------+--------+-----+--------+
         Total |   4595 |   4235 |    360 |    292 |   3183 |   5 |  919.0 |
       Dungeon |   4595 |   4235 |    360 |    292 |   3183 |   5 |  919.0 |
               +--------+--------+--------+--------+--------+-----+--------+

Top non-repeatable levels by time:
     D:2: 1614 daAuts
     D:1: 1090 daAuts
     D:4: 1086 daAuts
     D:3: 795 daAuts
     D:5: 9 daAuts

Table legend:
 A = Non-vault XP
 B = Vault XP
 C = Vault XP percentage of total XP
 D = Non-vault monster count
 E = Vault monster count
 F = Vault count percentage of total count
                 A         B        C        D         E       F
            +---------+---------+-------+---------+---------+-------
      Total |     277 |     254 |  47.8 |      85 |      16 |  15.8
            +---------+---------+-------+---------+---------+-------
        D:1 |      56 |       0 |   0.0 |      25 |       0 |   0.0
        D:2 |      47 |      39 |  45.3 |      28 |      14 |  33.3
        D:3 |      30 |       0 |   0.0 |      13 |       0 |   0.0
        D:4 |     144 |     215 |  59.9 |      19 |       2 |   9.5
            +---------+---------+-------+---------+---------+-------
